 Dungeon Crawl Stone Soup version 0.26-a0-43-g20b394c (webtiles) character file.

Game seed: 12716884541209391322

13380 Faca the Whirler (level 12, -16/88 HPs)
             Began as a Halfling Hunter on June 2, 2020.
             Was an Elder of Okawaru.
             Killed from afar by a wizard (34 damage)
             ... with a bolt of lightning
             ... on level 11 of the Dungeon.
             The game lasted 00:32:22 (16490 turns).

Faca the Whirler (Halfling Hunter)                 Turns: 16490, Time: 00:32:22

Health: -16/88     AC: 12    Str: 17    XL:     12   Next: 32%
Magic:  8/12       EV: 19    Int:  9    God:    Okawaru [****..]
Gold:   509        SH:  5    Dex: 16    Spells: 11/11 levels left

rFire    . . .     SeeInvis +   a - +2 hunting sling
rCold    . . .     Gourm    .   (shield restricted)
rNeg     . . .     Faith    .   p - +0 scale mail
rPois    .         Spirit   .   z - +0 helmet
rElec    .         Reflect  +   (no cloak)
rCorr    .         Harm     .   q - +0 pair of gloves
MR       .....                  E - +0 pair of boots
Stlth    ++........             r - amulet of reflection
HPRegen  0.24/turn              k - ring of see invisible
MPRegen  0.13/turn              x - +4 ring of slaying

@: heroism, hasted, very quick
A: small, mutation resistance 1
a: Heroism, Renounce Religion


You were on level 11 of the Dungeon.
You worshipped Okawaru.
Okawaru was greatly pleased with you.
You were not hungry.

You visited 2 branches of the dungeon, and saw 12 of its levels.

You collected 509 gold pieces.

Inventory:

Hand Weapons
 a - a +2 hunting sling (weapon)
 F - a +3 short sword
 I - a +2 scimitar of flaming
Missiles
 i - 237 stones (quivered)
 t - 234 sling bullets
Armour
 p - a +0 scale mail (worn)
 q - a +0 pair of gloves (worn)
 z - a +0 helmet (worn)
 E - a +0 pair of boots (worn)
Jewellery
 c - an uncursed ring of protection from magic
 g - a +4 ring of protection
 k - a ring of see invisible (left hand)
 r - an amulet of reflection (around neck)
 x - a +4 ring of slaying (right hand)
 y - an uncursed ring of flight
 J - an uncursed ring of poison resistance
Wands
 d - a wand of digging (8)
 j - a wand of random effects (52)
 m - a wand of iceblast (17)
 C - a wand of polymorph (18)
 D - a wand of clouds (14)
 G - a wand of acid (3)
Scrolls
 l - 6 scrolls of teleportation
 s - 7 scrolls of remove curse
 L - a scroll of random uselessness {unknown}
Potions
 h - 2 potions of flight
 n - 2 potions of lignification {unknown}
 o - a potion of ambrosia {unknown}
 u - a potion of resistance {unknown}
 v - 2 potions of mutation {unknown}
 w - 2 potions of haste
 A - a potion of might {unknown}
 B - 3 potions of heal wounds {unknown}
 H - a potion of cancellation {unknown}
 K - a potion of curing
Comestibles
 b - 3 chunks of flesh
 f - 19 rations


   Skills:
 + Level 10.5(15.5) Fighting
 + Level 11.5(16.5) Short Blades
 + Level 16.0(21.0) Slings
 + Level 4.7(9.7) Armour
 + Level 5.4(10.4) Dodging
 - Level 1.1(6.1) Stealth


You had 11 spell levels left.
You didn't know any spells.
Your spell library contained the following spells:

 Spells                   Type           Power        Failure   Level  Hunger
 Corona                   Hex            #......      73%         1    ##.....
 Shock                    Conj/Air       #...         73%         1    ##.....
 Summon Small Mammal      Summ           #...         73%         1    ##.....
 Call Imp                 Summ           #.......     86%         2    ###....
 Ensorcelled Hibernation  Hex/Ice        #.....       86%         2    ###....
 Call Canine Familiar     Summ           #.......     97%         3    ####...
 Confusing Touch          Hex            #.......     97%         3    ####...
 Dazzling Flash           Conj/Hex       #.....       97%         3    ####...
 Inner Flame              Hex/Fire       #.......     97%         3    ####...
 Ozocubu's Armour         Chrm/Ice       #.......     97%         3    ####...
 Summon Guardian Golem    Hex/Summ       #.......     97%         3    ####...
 Tukima's Dance           Hex            #.......     97%         3    ####...
 Dispel Undead            Necr           #.......     100%        4    #####..
 Summon Ice Beast         Ice/Summ       #.......     100%        4    #####..
 Summon Lightning Spire   Summ/Air       #.......     100%        4    #####..
 Silence                  Hex/Air        #.........   100%        5    ######.
 Ozocubu's Refrigeration  Ice            #.........   100%        6    #######


Dungeon Overview and Level Annotations

Branches:
Dungeon (11/15)            Temple (1/1) D:4            Lair (0/6) D:8
    Orc (0/2) D:10

Altars:
Ashenzari
Dithmenos
Fedhas
Gozag
Hepliaklqana
Kikubaaqudgha
Makhleb
Nemelex Xobeh
Okawaru
Qazlal
Ru
Sif Muna
Trog
Uskayaw
Vehumet
Wu Jian
Xom
Yredelemnul
Zin

Shops:
D:7 !!   D:8 *

Portals:
Trove: D:10 (show abyssal rune of Zot)

Annotations:
D:11 Snorg


Innate Abilities, Weirdness & Mutations

You are small and have problems with some larger weapons.
You are somewhat resistant to further mutation.


Message History

Aim: a wizard, wielding a +0 dagger and wearing a +0 robe (lightly wounded, slightly transparent)
You shoot a stone. The stone hits the wizard!
The wizard is moderately wounded.
Firing (i - inventory. (/) - cycle)
i - 240 stones (quivered)
Press: ? - help, Shift-Dir - straight line, f/p - wizard
Aim: a wizard, wielding a +0 dagger and wearing a +0 robe (moderately wounded, slightly transparent)
You shoot a stone. The stone hits the wizard!
The wizard is severely wounded.
Firing (i - inventory. (/) - cycle)
i - 239 stones (quivered)
Press: ? - help, Shift-Dir - straight line, f/p - wizard
Aim: a wizard, wielding a +0 dagger and wearing a +0 robe (severely wounded, slightly transparent)
You shoot a stone. The stone barely misses the wizard.
Firing (i - inventory. (/) - cycle)
i - 238 stones (quivered)
Press: ? - help, Shift-Dir - straight line, f/p - wizard
Aim: a wizard, wielding a +0 dagger and wearing a +0 robe (severely wounded, slightly transparent)
You shoot a stone. The stone closely misses the wizard.
The stone closely misses the adder.
The wizard casts a spell at you. The bolt of lightning hits you!!
You die...

......#. . .#..................(.
.......# .#....(...........(....
........ ##....................(.
........ #.##...S............))).
.S#.#.##.#..................##(.#
...#### #.......(.......#.#.#####
.... ##......p........###.# .....
#...........?.##..# ## ......
........@.......### .......
......†[.......#.#
................##
...............#.#
...............###
.............#.# ...........(####
..........#.. ..#.##. ##


You could see a wizard (invisible) and an adder.

Vanquished Creatures
  Erica (D:9)
  A two-headed ogre (D:9)
  Nergalle (D:10)
  Pikel (D:7)
  3 wizards (D:10)
  Joseph (D:7)
  2 trolls (D:9)
  Grinder (D:3)
  2 hippogriffs
  Sigmund (D:5)
  2 wraiths
  A wyvern (D:10)
  A steam dragon (D:11)
  Menkaure (D:5)
  3 wargs (D:8)
  Duvessa (D:7)
  2 acid dragons (D:11)
  A slave (D:7)
  2 ice beasts
  A sky beast (D:7)
  Purgy (D:4)
  3 orc warriors
  5 ogres
  A phantom (D:6)
  2 centaurs
  Blork the orc (D:4)
  4 big kobolds
  7 bullfrogs
  Dowan (D:7)
  3 scorpions
  3 killer bees (D:10)
  10 wights
  A howler monkey (D:5)
  A crimson imp (D:8)
  A centaur zombie (D:10)
  6 hounds
  5 jellies (D:10)
  3 quasits
  A bullfrog zombie (D:9)
  A centaur skeleton (D:8)
  2 bullfrog skeletons
  5 orc priests
  A gnoll shaman (D:7)
  12 orc wizards
  Ijyb (D:2)
  Terence (D:2)
  7 iguanas
  Natasha (thrice) (D:2)
  10 worker ants
  A howler monkey zombie (D:11)
  2 worker ant zombies
  16 gnolls
  15 adders
  2 shadow imps (D:9)
  6 oozes
  4 adder skeletons
  4 worms
  2 dart slugs
  5 leopard geckos
  19 orcs
  5 giant cockroaches
  22 goblins
  7 hobgoblins
  21 jackals
  5 quokkas
  A ball python (D:3)
  8 bats
  5 frilled lizards
  A jackal skeleton (D:4)
  26 kobolds
  6 rats
314 creatures vanquished.

Vanquished Creatures (others)
  A slave (D:7)
  An iguana (D:7)
  An orc (D:4)
  A jackal (D:7)
  A plant (D:8)
5 creatures vanquished.

Grand Total: 319 creatures vanquished

Notes
Turn   | Place    | Note
-------+----------+-------------------------------------------
     0 | D:1      | Faca the Halfling Hunter began the quest for the Orb.
     0 | D:1      | Reached XP level 1. HP: 14/14 MP: 1/1
   390 | D:1      | Reached skill level 6 in Slings
   637 | D:1      | Reached XP level 2. HP: 14/19 MP: 2/2
  1537 | D:2      | Reached XP level 3. HP: 25/25 MP: 3/3
  1761 | D:2      | Reached XP level 4. HP: 23/30 MP: 4/4
  1764 | D:2      | Reached skill level 7 in Slings
  1919 | D:2      | Noticed Natasha
  1935 | D:2      | Killed Natasha
  1935 | D:2      | Reached XP level 5. HP: 22/36 MP: 5/5
  2150 | D:2      | Noticed Natasha
  2159 | D:2      | Killed Natasha
  2240 | D:2      | Found a bloodstained altar of Trog.
  2242 | D:2      | Noticed Terence
  2290 | D:2      | Killed Terence
  2488 | D:2      | Reached skill level 8 in Slings
  2488 | D:2      | Reached XP level 6. HP: 43/43 MP: 6/6
  2550 | D:2      | Noticed Natasha
  2555 | D:2      | Killed Natasha
  2925 | D:2      | Found a hazy altar of Hepliaklqana.
  2942 | D:2      | Found an opulent altar of Gozag.
  3005 | D:2      | Noticed Ijyb
  3037 | D:2      | Killed Ijyb
  5016 | D:4      | Reached XP level 7. HP: 49/49 MP: 7/7
  5031 | D:4      | Reached skill level 9 in Slings
  5063 | D:4      | Noticed Purgy
  5474 | D:4      | Killed Purgy
  5474 | D:4      | Reached skill level 5 in Fighting
  5990 | D:4      | Reached skill level 10 in Slings
  6234 | D:4      | Found a shattered altar of Ashenzari.
  6466 | D:4      | Found a staircase to the Ecumenical Temple.
  6466 | D:4      | Noticed Blork the orc
  6473 | Temple   | Entered the Ecumenical Temple
  6589 | Temple   | Became a worshipper of Warmaster Okawaru
  6613 | D:4      | Killed Blork the orc
  6613 | D:4      | Reached skill level 1 in Short Blades
  6613 | D:4      | Reached XP level 8. HP: 48/56 MP: 8/8
  6699 | D:4      | Found an ornate altar of the Wu Jian Council.
  7054 | D:3      | Found a sacrificial altar of Ru.
  7054 | D:3      | Noticed Grinder
  7067 | D:3      | Paralysed by Grinder for 2 turns
  7081 | D:3      | Paralysed by Grinder for 4 turns
  7085 | D:3      | HP: 1/57 [Grinder/nerve-wracking pain (9)]
  7088 | D:3      | Killed Grinder
  7435 | D:5      | Entered Level 5 of the Dungeon
  7501 | D:5      | Noticed Menkaure
  7513 | D:5      | Killed Menkaure
  7513 | D:5      | Reached * piety under Okawaru
  7599 | D:5      | Reached skill level 11 in Slings
  7879 | D:5      | Noticed Sigmund
  7892 | D:5      | Killed Sigmund
  7892 | D:5      | Reached XP level 9. HP: 61/63 MP: 9/9
  8573 | D:6      | Reached ** piety under Okawaru
  8573 | D:6      | Reached skill level 5 in Short Blades
  8800 | D:6      | Found a glowing silver altar of Zin.
  8806 | D:6      | Found a hide-covered altar of Uskayaw.
  9978 | D:6      | Reached skill level 12 in Slings
 10022 | D:6      | Reached skill level 14 in Slings
 10022 | D:6      | Reached XP level 10. HP: 74/74 MP: 10/10
 10329 | D:7      | Found an ancient bone altar of Kikubaaqudgha.
 10329 | D:7      | Found a shimmering blue altar of Sif Muna.
 10410 | D:7      | Found Jodil's Distillery.
 10472 | D:7      | Found Nuujim's Distillery.
 10477 | D:7      | Noticed Joseph
 10478 | D:7      | Noticed Pikel
 10615 | D:7      | Noticed Duvessa
 10615 | D:7      | Noticed Dowan
 10641 | D:7      | Killed Duvessa
 10641 | D:7      | Reached skill level 10 in Short Blades
 10651 | D:7      | Killed Dowan
 10765 | D:7      | Found a stormy altar of Qazlal.
 10806 | D:7      | Killed Pikel
 10806 | D:7      | Reached *** piety under Okawaru
 10806 | D:7      | Received a gift from Okawaru
 10947 | D:7      | Killed Joseph
 10947 | D:7      | Received a gift from Okawaru
 11417 | D:8      | Reached skill level 15 in Slings
 11487 | D:8      | Found Zoerghea's Assorted Antiques.
 11559 | D:8      | Reached XP level 11. HP: 73/81 MP: 11/11
 11831 | D:7      | Reached skill level 1 in Armour
 11894 | D:8      | Found a staircase to the Lair.
 11904 | D:8      | Reached **** piety under Okawaru
 12079 | D:8      | Received a gift from Okawaru
 12685 | D:9      | Noticed Erica
 12720 | D:9      | Killed Erica
 12720 | D:9      | Received a gift from Okawaru
 12720 | D:9      | Reached skill level 10 in Fighting
 12970 | D:9      | Noticed a two-headed ogre
 12985 | D:9      | Killed a two-headed ogre
 13152 | D:9      | Received a gift from Okawaru
 13808 | D:10     | Entered Level 10 of the Dungeon
 13966 | D:9      | Received a gift from Okawaru
 14496 | D:10     | Received a gift from Okawaru
 14538 | D:10     | Found a portal to a secret trove of treasure.
 14852 | D:10     | Noticed a wizard
 14879 | D:10     | Noticed a wizard
 14881 | D:10     | Killed a wizard
 14893 | D:10     | Killed a wizard
 14893 | D:10     | Reached XP level 12. HP: 39/88 MP: 12/12
 15171 | D:10     | Identified Ts'ui Pên's Incunabulum of Forking Paths
 15178 | D:10     | Identified the Catalogue of Combed Thunderclap
 15201 | D:10     | Reached ***** piety under Okawaru
 15201 | D:10     | Received a gift from Okawaru
 15201 | D:10     | Reached skill level 5 in Dodging
 15208 | D:10     | Identified the Volume of Sand
 15264 | D:10     | Noticed Nergalle
 15312 | D:10     | Killed Nergalle
 15712 | D:10     | Found a staircase to the Orcish Mines.
 16155 | D:11     | Noticed Snorg
 16250 | D:11     | Reached skill level 16 in Slings
 16469 | D:11     | Received a gift from Okawaru
 16490 | D:11     | Killed from afar by a wizard

Illustrated notes

Levels and vault maps discovered:
D:1:      kilobyte_arrival_exit_the_forest, layout_loops_ring,
          minmay_pentomino_u2
D:2:      kennysheep_the_goblin_king, layout_loops_cross,
          grunt_temple_overflow_open, trog_three_pillars_becter, uniq_terence,
          uniq_natasha
D:3:      lemuel_upstairs_altar, layout_loops_ring, uniq_grinder
D:4:      layout_loops_ring, lemuel_doored_altar, cheibrodos_ashenzari_chains,
          minmay_temple_entry_offerings, first_ration, minmay_pentomino_pile,
          uniq_purgy, uniq_blork_the_orc
D:5:      layout_rooms, hangedman_decor_riveting, uniq_sigmund, uniq_menkaure
D:6:      minmay_razor_zed, layout_basic, minitemple
D:7:      layout_loops_cross, nicolae_overflow_hidden_temple,
          amethyst_overflow_temple_binary, enter_bailey_3, serial_shops, shop,
          shop, uniq_duvessa, uniq_joseph, uniq_pikel
D:8:      layout_gridville, erik_lair_orcish_takeover, serial_shops,
          nicolae_shop_overgrown_old_shop
D:9:      layout_stronghold, uniq_erica
D:10:     layout_long_grid, orc_0_dummy, nicolae_trove_entry_columns,
          hangedman_little_slice_of_home, bh_hangedman_babel_library,
          uniq_nergalle
D:11:     layout_big_octagon, jiyva_altar_1, uniq_snorg
Temple:   nicolae_temple_figure_eight

Skill      XL: |  1  2  3  4  5  6  7  8  9 10 11 12 |
---------------+-------------------------------------+-----
Slings         | 6 7 8 10 11 14 15 16 | 16.0
Fighting       | 2 3 4 5 6 9 10 | 10.5
Short Blades   | 1 4 9 10 11 | 11.5
Armour         | 4 |  4.7
Dodging        | 4 5 |  5.4
Stealth        | |  1.1

Action                   |  1- 3 |  4- 6 |  7- 9 | 10-12 || total
-------------------------+-------+-------+-------+-------++-------
Melee: Short sword       |    98 |   213 |   416 |   840 ||  1567
       Punch             |       |       |       |     1 ||     1
 Fire: Hunting sling     |    10 |    65 |   220 |   198 ||   493
Invok: Heroism           |       |       |       |    11 ||    11
Evoke: Wand              |       |       |     4 |       ||     4
  Use: Scroll            |     3 |     6 |     2 |     4 ||    15
       Potion            |       |       |     2 |     3 ||     5
 Stab: Sleeping          |     2 |       |       |       ||     2
       Distracted        |     1 |       |       |       ||     1
  Eat: Chunk             |     3 |     9 |    17 |    14 ||    43
       Ration            |       |       |       |     2 ||     2
Armor: Leather armour    |    24 |    11 |       |       ||    35
       Scale mail        |       |    68 |   197 |   291 ||   556
Dodge: Dodged            |    88 |   198 |   268 |   448 ||  1002
Block: Other             |       |    16 |    94 |   150 ||   260
       Reflection        |       |     2 |       |     7 ||     9

Table legend:
 A = Non-vault XP
 B = Vault XP
 C = Vault XP percentage of total XP
 D = Non-vault monster count
 E = Vault monster count
 F = Vault count percentage of total count
                 A         B        C        D         E       F
            +---------+---------+-------+---------+---------+-------
      Total |    9400 |    6827 |  42.1 |     261 |      52 |  16.6
            +---------+---------+-------+---------+---------+-------
        D:1 |      26 |       1 |   3.7 |      16 |       1 |   5.9
        D:2 |     225 |     119 |  34.6 |      35 |       9 |  20.5
        D:3 |     112 |     293 |  72.3 |      14 |       2 |  12.5
        D:4 |     414 |     233 |  36.0 |      29 |       4 |  12.1
        D:5 |     401 |     385 |  49.0 |      21 |       2 |   8.7
        D:6 |     573 |     160 |  21.8 |      12 |       5 |  29.4
        D:7 |     494 |    1113 |  69.3 |      20 |       8 |  28.6
        D:8 |    1143 |     616 |  35.0 |      29 |       8 |  21.6
        D:9 |    2732 |     897 |  24.7 |      43 |       1 |   2.3
       D:10 |    1822 |    3010 |  62.3 |      26 |      12 |  31.6
       D:11 |    1458 |       0 |   0.0 |      16 |       0 |   0.0
            +---------+---------+-------+---------+---------+-------
